 Dungeon Crawl Stone Soup version 0.31.0-11-ge490571c62 (webtiles) character file.

Game seed: 5872598926874715832

11619 solopath the Thaumaturge (level 11, 0/83 HPs)
             Began as a Gnoll Alchemist on Jan 28, 2024.
             Was an Elder of Cheibriados.
             Slain by a death knight
             ... wielding a +1 glaive
              (29 damage)
             ... on level 8 of the Dungeon.
             The game lasted 00:30:49 (10426 turns).

solopath the Thaumaturge (Gnoll Alchemist)         Turns: 10426, Time: 00:30:49

Health: 0/83       AC: 18    Str: 14 (16) XL:     11   Next: 80%
Magic:  12/23      EV: 17    Int: 28 (31) God:    Cheibriados [****..]
Gold:   1229       SH:  0    Dex: 19 (22) Spells: 13/27 levels left

rFire   . . .        K - staff of alchemy
rCold   . . .        (no shield)
rNeg    . . .        a - +0 robe
rPois   +            l - +2 helmet {Int+3}
rElec   .            O - +0 cloak {rCorr}
rCorr   +            D - +1 pair of gloves
SInv    .            h - +0 pair of boots
Will    .....        w - amulet of reflection
Stlth   ++           d - +4 ring of protection
HPRegen 0.33/turn    m - +4 ring of protection
MPRegen 0.18/turn

%: reflection
@: confused, ambrosia-drunk, very slightly contaminated, very slow
A: fangs 1, strong nose, distributed training
a: Renounce Religion, Bend Time, Temporal Distortion, Slouch


You were on level 8 of the Dungeon.
You worshipped Cheibriados.
Cheibriados was greatly pleased with you.
You visited 2 branches of the dungeon, and saw 10 of its levels.

You collected 1229 gold pieces.

Inventory:

Hand Weapons
 M - a +5 short sword of protection
Missiles
 J - 5 curare-tipped darts
Armour
 a - a +0 robe (worn)
 h - a +0 pair of boots (worn)
 l - a +2 helmet of intelligence (worn)
 D - a +1 pair of gloves (worn)
 O - a +0 cloak of preservation (worn)
Magical Staves
 K - a staff of alchemy (weapon)
Jewellery
 b - a +6 ring of dexterity
 d - a +4 ring of protection (left hand)
 m - a +4 ring of protection (right hand)
 o - a ring of willpower
 q - a ring of fire
 s - a ring of willpower
 w - an amulet of reflection (around neck)
 E - a ring of protection from cold
Wands
 A - a wand of digging (4)
 B - a wand of light (10)
 C - a wand of flame (38)
 H - a wand of iceblast (9)
Scrolls
 c - 6 scrolls of enchant weapon
 f - 4 scrolls of fog
 i - 3 scrolls of teleportation
 p - 2 scrolls of enchant armour
 r - 5 scrolls of vulnerability
 v - 4 scrolls of revelation
 y - 3 scrolls of blinking
Potions
 e - 3 potions of haste
 g - a potion of cancellation
 j - 2 potions of lignification
 k - a potion of mutation
 t - 2 potions of berserk rage
 F - 3 potions of curing
 I - a potion of brilliance {unknown}
Miscellaneous
 n - a tin of tremorstones (2/2)


   Skills:
 + Level 6.9 Fighting
 + Level 6.9 Short Blades
 + Level 6.9 Long Blades
 + Level 6.9 Axes
 + Level 6.9 Maces & Flails
 + Level 6.9 Polearms
 + Level 6.9 Staves
 + Level 6.9 Ranged Weapons
 + Level 6.9 Throwing
 + Level 6.9 Armour
 + Level 8.3 Dodging
 + Level 8.1 Stealth
 + Level 6.9 Shields
 + Level 6.9 Unarmed Combat
 + Level 8.6 Spellcasting
 + Level 6.1 Conjurations
 + Level 5.7 Hexes
 + Level 5.7 Summonings
 + Level 5.7 Necromancy
 + Level 5.7 Translocations
 + Level 5.7 Fire Magic
 + Level 5.7 Ice Magic
 + Level 5.7 Air Magic
 + Level 5.7 Earth Magic
 + Level 8.0 Alchemy
 + Level 7.5 Invocations
 + Level 6.9 Evocations
 + Level 6.2 Shapeshifting


You had 13 spell levels left.
You knew the following spells:

 Your Spells              Type           Power      Damage    Failure   Level
a - Sting                 Conj/Alch      100%       1d9       1%          1
b - Mercury Vapours       Alch/Air       100%       N/A       1%          2
c - Mephitic Cloud        Conj/Alch/Air  65%        N/A       1%          3
d - Olgreb's Toxic Radia  Alch           72%        N/A       1%          4
e - Sticky Flame          Fire/Alch      66%        2d11      2%          4

Your spell library contained the following spells:

 Spells                   Type           Power      Damage    Failure   Level
 Lesser Beckoning         Tloc           88%        N/A       1%          2
 Fugue of the Fallen      Necr           44%        N/A       1%          3
 Gell's Gravitas          Tloc           44%        N/A       1%          3
 Ozocubu's Armour         Ice            44%        N/A       1%          3
 Teleport Other           Tloc           44%        N/A       1%          3
 Manifold Assault         Tloc           44%        N/A       4%          4
 Alistair's Intoxication  Alch           48%        N/A       4%          5
 Borgnjor's Vile Clutch   Necr/Erth      22%        N/A       12%         5
 Eringya's Noxious Bog    Alch           36%        4d6       26%         6


Dungeon Overview and Level Annotations

Branches:
Dungeon (9/15)             Temple (1/1) D:7
   Lair: D:8-11         Orc: D:9-12

Altars:
Ashenzari
Cheibriados
Elyvilon
Fedhas
Gozag
Hepliaklqana
Kikubaaqudgha
Makhleb
Nemelex Xobeh
Okawaru
Qazlal
Ru
Sif Muna
Trog
Uskayaw
Vehumet
Wu Jian
Xom
Yredelemnul
Zin
The Shining One
Jiyva

Annotations:
D:4 Zeo's ghost, amateur MiHu
D:6 3 runed translucent doors, Dazliare's ghost, novice TrEn
D:7 2 transporters, MollyMolluskus's ghost, novice OpFi
D:8 3 runed translucent doors, draino's ghost, novice HOMo


Innate Abilities, Weirdness & Mutations

You have very sharp teeth.
Your uncanny sense of smell can sniff out nearby items.
Your experience applies equally to all skills.


Message History

The death knight misses you.
The death knight reflects your damage back at you!
The death knight hits you with a +1 glaive.
The death knight reflects your damage back at you!
The death knight barely misses you.
Casting: Mercury Vapours (safe; 1% risk of failure)
Confirm with . or Enter, or press ? or * to list all spells.
Aiming: Sticky Flame (dangerous; 2% risk of failure)
Press: ? - help, Shift-Dir - straight line, f/p - death knight
Aim: a death knight, wielding a +1 glaive and wearing a +0 chain mail (moderately wounded, reflecting injuries, extremely poisoned, weak)
You feel a surge of power!
You miscast Sticky Flame.
You are very lightly contaminated with residual magic.
You are blasted with searing flames.
The death knight's dark mirror aura disappears.
The death knight is no longer weakened.
The death knight hits you with a +1 glaive!
The death knight reflects your damage back at you!
You hit the death knight but do no damage.
You envenom the death knight.
The death knight looks as sick as possible!
The death knight is moderately wounded.
The death knight hits you with a +1 glaive!
Casting: Sticky Flame (dangerous; 2% risk of failure)
Confirm with . or Enter, or press ? or * to list all spells.
Aiming: Sticky Flame (dangerous; 2% risk of failure)
Press: ? - help, Shift-Dir - straight line, f/p - death knight
Aim: a death knight, wielding a +1 glaive and wearing a +0 chain mail (moderately wounded, extremely poisoned)
You feel a surge of power!
The sticky flame hits the death knight.
The death knight is moderately wounded.
The death knight burns!
The death knight mumbles some strange prayers to Yredelemnul against you.
Your body is wracked with pain!
You barely miss the death knight.
The death knight is heavily wounded.
The death knight hits you but does no damage.
Unknown command.
You are confused.
You feel invigorated.
The death knight burns!
The death knight hits you with a +1 glaive!!
You die...

####### #.######## ♣♣. .[....#
#........##### ♣♣ #####.#
#............# ♣♣. #
###.##########........##### ♣.♣ #
#.....................# ♣.♣
###.#.#########.........#### ♣♣.♣
......# #.............##♣...
###..## ##.p.......##.##.... ##.#
##@#####.###..#♣... #.# #.#
#.###..#♣♣.♣ #.# #.# #......###.#
#.# ##'## #######)[... ####.###
##...## #[##.. #......# ##.....##
#####[#### #.##.#.## ##.......##
#.......##
#.##....####<........###.....#.##
#.##.......'.........'...........


You could see a death knight (burning, extremely poisoned).

Vanquished Creatures
  A boulder beetle (D:8)
  2 two-headed ogres
  A manticore (D:8)
  3 cyclopes (D:8)
  Maurice (D:7)
  An unseen horror (D:8)
  Jeremiah (D:6)
  2 trolls
  Grinder (D:6)
  4 slime creatures (D:8)
  2 shadows
  2 wyverns (D:8)
  3 yaks (D:8)
  A hog (shapeshifter) (D:8)
  3 steam dragons (D:8)
  3 acid dragons
  4 water moccasins
  2 black bears (D:5)
  3 ice beasts
  A sky beast (D:8)
  2 ogres
  An orc warrior (D:8)
  5 centaurs
  A phantom (D:6)
  Blork the orc (D:6)
  A gnoll sergeant (D:6)
  4 kobold brigands (D:8)
  3 bullfrogs
  2 scorpions
  7 wights (D:8)
  6 killer bees
  A howler monkey (D:8)
  A jelly (D:8)
  2 hounds
  9 orc priests
  2 sleepcaps
  9 iguanas
  Ijyb (D:4)
  12 orc wizards
  5 gnolls
  9 adders
  2 shadow imps
  2 white imps (D:5)
  6 dart slugs
  4 ribbon worms (D:2)
  46 orcs
  5 endoplasms
  6 giant cockroaches
  8 goblins
  7 hobgoblins
  7 jackals (D:1)
  2 quokkas
  2 ball pythons
  4 bats
  2 frilled lizards
  4 kobolds
  8 rats
240 creatures vanquished.

Notes
Turn   | Place    | Note
-------+----------+-------------------------------------------
     0 | D:1      | solopath the Gnoll Alchemist began the quest for the Orb.
     0 | D:1      | Reached XP level 1. HP: 13/13 MP: 6/6
   214 | D:1      | Reached XP level 2. HP: 11/19 MP: 2/7
   377 | D:1      | Learned a level 2 spell: Mercury Vapours
   615 | D:1      | Reached skill level 5 in Spellcasting
   615 | D:1      | Reached XP level 3. HP: 25/25 MP: 4/9
   711 | D:1      | Learned a level 3 spell: Mephitic Cloud
  1010 | D:2      | Reached skill level 1 in Invocations
  1212 | D:2      | Reached skill level 1 in Fighting
  1212 | D:2      | Reached skill level 1 in Short Blades
  1212 | D:2      | Reached skill level 1 in Long Blades
  1212 | D:2      | Reached skill level 1 in Axes
  1212 | D:2      | Reached skill level 1 in Maces & Flails
  1212 | D:2      | Reached skill level 1 in Polearms
  1212 | D:2      | Reached skill level 1 in Staves
  1212 | D:2      | Reached skill level 1 in Ranged Weapons
  1212 | D:2      | Reached skill level 1 in Throwing
  1212 | D:2      | Reached skill level 1 in Armour
  1212 | D:2      | Reached skill level 1 in Shields
  1212 | D:2      | Reached skill level 1 in Unarmed Combat
  1212 | D:2      | Reached skill level 1 in Evocations
  1480 | D:2      | Reached skill level 1 in Shapeshifting
  1480 | D:2      | Reached XP level 4. HP: 32/32 MP: 7/11
  1783 | D:2      | Reached skill level 1 in Hexes
  1783 | D:2      | Reached skill level 1 in Summonings
  1783 | D:2      | Reached skill level 1 in Necromancy
  1783 | D:2      | Reached skill level 1 in Translocations
  1783 | D:2      | Reached skill level 1 in Fire Magic
  1783 | D:2      | Reached skill level 1 in Ice Magic
  1783 | D:2      | Reached skill level 1 in Air Magic
  1783 | D:2      | Reached skill level 1 in Earth Magic
  1839 | D:2      | Found a blossoming altar of Fedhas.
  2666 | D:4      | Noticed Ijyb
  2674 | D:4      | Killed Ijyb
  2675 | D:4      | Reached XP level 5. HP: 37/37 MP: 4/12
  2676 | D:4      | Noticed an ogre
  2689 | D:4      | Killed an ogre
  2820 | D:4      | Reached XP level 6. HP: 44/44 MP: 11/13
  2867 | D:4      | Identified the +0 leather armour of Uvucynun {+Inv Int+3}
  3100 | D:4      | Found a runed translucent gate.
  3100 | D:4      | Noticed Zeo's ghost (amateur MiHu)
  3101 | D:4      | Found a runed translucent gate.
  3101 | D:4      | Found a runed translucent gate.
  3102 | D:4      | Identified the +0 ring mail of Forking Paths {Str+3 Dex+3
                  | SInv}
  3133 | D:4      | Reached skill level 5 in Dodging
  3518 | D:5      | Entered Level 5 of the Dungeon
  3536 | D:5      | Reached XP level 7. HP: 50/50 MP: 15/15
  3650 | D:5      | Reached skill level 5 in Stealth
  3655 | D:5      | Learned a level 4 spell: Olgreb's Toxic Radiance
  3793 | D:5      | Learned a level 4 spell: Sticky Flame
  3949 | D:5      | Reached XP level 8. HP: 58/58 MP: 11/16
  4804 | D:6      | Noticed Jeremiah
  4878 | D:6      | Found a shimmering altar of Xom.
  5030 | D:6      | Noticed Grinder
  5036 | D:6      | Killed Grinder
  5037 | D:6      | Reached XP level 9. HP: 59/65 MP: 13/18
  5070 | D:6      | Noticed Blork the orc
  5073 | D:6      | Killed Blork the orc
  5173 | D:6      | Found a runed translucent gate.
  5174 | D:6      | Found a runed translucent gate.
  5174 | D:6      | Found a runed translucent gate.
  5175 | D:6      | Found an opulent altar of Gozag.
  5176 | D:6      | Noticed Dazliare's ghost (novice TrEn)
  5336 | D:6      | Identified the +5 sling "Noax" {heavy, Dex+3}
  5867 | D:6      | Killed Jeremiah
  6038 | D:6      | Noticed a two-headed ogre
  6055 | D:6      | Killed a two-headed ogre
  6056 | D:6      | Reached skill level 5 in Invocations
  6645 | D:7      | Found a staircase to the Ecumenical Temple.
  6660 | Temple   | Found a transporter.
  6660 | Temple   | Found a transporter.
  6660 | Temple   | Found a transporter.
  6660 | Temple   | Found a transporter.
  6660 | Temple   | Entered the Ecumenical Temple
  6765 | Temple   | Became a worshipper of Cheibriados the Contemplative
  6795 | D:7      | Reached skill level 5 in Fighting
  6795 | D:7      | Reached skill level 5 in Short Blades
  6795 | D:7      | Reached skill level 5 in Long Blades
  6795 | D:7      | Reached skill level 5 in Axes
  6795 | D:7      | Reached skill level 5 in Maces & Flails
  6795 | D:7      | Reached skill level 5 in Polearms
  6795 | D:7      | Reached skill level 5 in Staves
  6795 | D:7      | Reached skill level 5 in Ranged Weapons
  6795 | D:7      | Reached skill level 5 in Throwing
  6795 | D:7      | Reached skill level 5 in Armour
  6795 | D:7      | Reached skill level 5 in Shields
  6795 | D:7      | Reached skill level 5 in Unarmed Combat
  6795 | D:7      | Reached skill level 5 in Evocations
  6797 | D:7      | Reached XP level 10. HP: 74/74 MP: 15/20
  6904 | D:7      | Found a transporter.
  6915 | D:7      | Found a bloodstained altar of Trog.
  6915 | D:7      | Noticed MollyMolluskus's ghost (novice OpFi)
  6915 | D:7      | Noticed a two-headed ogre
  6915 | D:7      | Noticed a moth of wrath
  7037 | D:7      | Found a burning altar of Makhleb.
  7040 | D:7      | Found a hazy altar of Hepliaklqana.
  7040 | D:7      | Found a sacrificial altar of Ru.
  7066 | D:7      | Reached * piety under Cheibriados
  7398 | D:7      | Found a transporter.
  7472 | D:7      | Noticed Maurice
  7489 | D:7      | Killed Maurice
  7490 | D:7      | Reached skill level 5 in Conjurations
  8054 | D:8      | Reached skill level 5 in Shapeshifting
  8062 | D:8      | Noticed a two-headed ogre
  8066 | D:8      | Killed a two-headed ogre
  8194 | D:8      | Reached ** piety under Cheibriados
  8197 | D:8      | Noticed a cyclops
  8493 | D:8      | Noticed a boulder beetle
  8506 | D:8      | Reached skill level 5 in Hexes
  8506 | D:8      | Reached skill level 5 in Summonings
  8506 | D:8      | Reached skill level 5 in Necromancy
  8506 | D:8      | Reached skill level 5 in Translocations
  8506 | D:8      | Reached skill level 5 in Fire Magic
  8506 | D:8      | Reached skill level 5 in Ice Magic
  8506 | D:8      | Reached skill level 5 in Air Magic
  8506 | D:8      | Reached skill level 5 in Earth Magic
  8506 | D:8      | Killed a boulder beetle
  8507 | D:8      | Reached XP level 11. HP: 70/81 MP: 11/23
  8572 | D:8      | Noticed a manticore
  8585 | D:8      | Killed a manticore
  8651 | D:8      | Noticed a cyclops
  8655 | D:8      | Noticed a cyclops
  8660 | D:8      | Killed a cyclops
  8666 | D:8      | Killed a cyclops
  8676 | D:8      | Killed a cyclops
  8679 | D:8      | Reached *** piety under Cheibriados
  8681 | D:8      | Noticed a death knight
  8879 | D:8      | Found a runed translucent gate.
  8879 | D:8      | Found a runed translucent gate.
  8880 | D:8      | Found a runed translucent gate.
  8882 | D:8      | Noticed draino's ghost (novice HOMo)
 10029 | D:8      | Reached **** piety under Cheibriados
 10316 | D:8      | Found a viscous altar of Jiyva.
 10353 | D:9      | Identified a scroll of acquirement
 10353 | D:9      | Acquired 716 gold pieces
 10426 | D:8      | Slain by a death knight

Illustrated notes

Levels and vault maps discovered:
D:1:      doesnt_arrival_eight_statues, layout_basic
D:2:      layout_loops_ring, basic_altar, nicolae_figureground_sparkle
D:3:      layout_basic
D:4:      layout_basic, biasface_ghost_orc_armoury, abandoned_shop,
          hex_intersection, uniq_ijyb
D:5:      layout_loops_ring
D:6:      minmay_cornered_nines, layout_loops_ring, xom_teletrap_fun,
          ebering_ghost_gozag, uniq_jeremiah, uniq_blork_the_orc, uniq_grinder
D:7:      layout_basic, grunt_temple_overflow_open,
          minmay_temple_entry_water_ring, gammafunk_ghost_wrathful_warriors,
          uniq_maurice
D:8:      nzn_winding_woodlands_large [nzn_winding_woodlands_5x5_perimeter,
          nzn_winding_woodlands_5x15_sawtooth,
          nzn_winding_woodlands_5x5_open_star,
          nzn_winding_woodlands_center_garden,
          nzn_winding_woodlands_15x15_five_gardens,
          nzn_winding_woodlands_center_triple_pond,
          nzn_winding_woodlands_5x5_checkerboard,
          nzn_winding_woodlands_5x15_crooked,
          nzn_winding_woodlands_5x5_default], layout_loops_corners,
          gammafunk_ghost_ooze
D:9:      layout_basic, mainiacjoe_overflow_six_doors_small, enter_bailey_5,
          minmay_misc_feat_tiny, serial_library_hellmonk_room_b
Temple:   hellmonk_temple_divided_pantheon

Skill      XL: |  1  2  3  4  5  6  7  8  9 10 11 |
---------------+----------------------------------+-----
Conjurations   | 2 3 4 5 6 |  6.1
Spellcasting   | 5 6 7 8 |  8.6
Invocations    | 1 2 3 4 5 6 7 |  7.5
Fighting       | 1 2 3 5 6 |  6.9
Short Blades   | 1 2 3 5 6 |  6.9
Long Blades    | 1 2 3 5 6 |  6.9
Axes           | 1 2 3 5 6 |  6.9
Maces & Flails | 1 2 3 5 6 |  6.9
Polearms       | 1 2 3 5 6 |  6.9
Staves         | 1 2 3 5 6 |  6.9
Ranged Weapons | 1 2 3 5 6 |  6.9
Throwing       | 1 2 3 5 6 |  6.9
Armour         | 1 2 3 5 6 |  6.9
Shields        | 1 2 3 5 6 |  6.9
Unarmed Combat | 1 2 3 5 6 |  6.9
Evocations     | 1 2 3 5 6 |  6.9
Shapeshifting  | 1 2 3 4 5 6 |  6.2
Hexes          | 1 2 3 4 5 |  5.7
Summonings     | 1 2 3 4 5 |  5.7
Necromancy     | 1 2 3 4 5 |  5.7
Translocations | 1 2 3 4 5 |  5.7
Fire Magic     | 1 2 3 4 5 |  5.7
Ice Magic      | 1 2 3 4 5 |  5.7
Air Magic      | 1 2 3 4 5 |  5.7
Earth Magic    | 1 2 3 4 5 |  5.7
Dodging        | 5 6 7 8 |  8.3
Stealth        | 5 6 7 8 |  8.1
Alchemy        | 6 7 8 |  8.0

Action                     |  1- 3 |  4- 6 |  7- 9 | 10-12 || total
---------------------------+-------+-------+-------+-------++-------
  Melee: Unarmed           |     2 |       |       |       ||     2
         Dagger            |    29 |    43 |   153 |       ||   225
         Bite              |     3 |     4 |    40 |    28 ||    75
         Punch             |     3 |       |     5 |     7 ||    15
         Staff             |       |       |    26 |   158 ||   184
         Short sword       |       |       |    24 |    12 ||    36
   Cast: Sting             |    68 |    66 |    52 |       ||   186
         Mercury Vapours   |     3 |     2 |     2 |    11 ||    18
         Mephitic Cloud    |       |     4 |    12 |    11 ||    27
         Sticky Flame      |       |       |    12 |    25 ||    37
         Olgreb's Toxic Ra |       |       |    10 |    30 ||    40
 Invoke: Bend Time         |       |       |       |     1 ||     1
  Evoke: Wand              |       |       |       |     2 ||     2
    Use: Scroll            |       |       |     8 |    10 ||    18
         Potion            |       |       |       |     6 ||     6
   Stab: Confused          |       |     2 |     4 |     4 ||    10
         Sleeping          |       |     3 |     5 |     7 ||    15
         Distracted        |       |       |     1 |       ||     1
 Armour: Robe              |    25 |    16 |   100 |    97 ||   238
  Dodge: Dodged            |    30 |    27 |   125 |   139 ||   321
  Block: Other             |       |       |       |    10 ||    10
         Reflection        |       |       |       |     1 ||     1
